 Dungeon Crawl Stone Soup version 0.31.0-11-ge490571c62 (webtiles) character file.

Game seed: 7178798342185555499

10504 bobo the Warmonger (level 11, -2/87 HPs)
             Began as a Demonspawn Shapeshifter on Feb 1, 2024.
             Was a High Priest of Okawaru.
             Slain by a blink frog (12 damage)
             ... on level 1 of the Lair of Beasts on Feb 2, 2024.
             The game lasted 00:37:29 (12082 turns).

bobo the Warmonger (Demonspawn Shapeshifter)       Turns: 12082, Time: 00:37:29

Health: -2/87      AC:  6    Str: 18    XL:     11   Next: 37%
Magic:  19/19      EV: 17    Int: 10    God:    Okawaru [*****.]
Gold:   614        SH:  4    Dex: 18    Spells: 10/10 levels left

rFire   + .          .
                       - Unarmed
rCold   . . .        (no shield)
rNeg    + . .        y - +0 ring mail
rPois   .            (helmet currently unavailable)
rElec   .            (cloak currently unavailable)
rCorr   .            j - melded +0 pair of gloves
SInv    .            (boots currently unavailable)
Will    .....        A - amulet of faith
Stlth   +++++        a - ring of protection from fire
HPRegen 0.34/turn    l - ring of positive energy
MPRegen 0.16/turn

%: faith
@: beast-form, heroic
A: beast (slay +4), thin skeletal structure 2, condensation shield, demonic
magic 2, weakness stinger 2
a: Begin Untransformation, Renounce Religion, Heroism, Finesse, Duel


You were on level 1 of the Lair of Beasts.
You worshipped Okawaru.
Okawaru was extremely pleased with you.
You were a hulking beast.
You visited 3 branches of the dungeon, and saw 12 of its levels.
You also visited: Ossuary.

You collected 682 gold pieces.
You spent 68 gold pieces at shops.

Inventory:

Armour
 j - a +0 pair of gloves (melded)
 x - a +0 pair of boots
 y - a +0 ring mail (worn)
Jewellery
 a - a ring of protection from fire (left hand)
 l - a ring of positive energy (right hand)
 A - an amulet of faith (around neck)
Talismans
 c - a beast talisman (active)
 d - a flux talisman
Wands
 k - a wand of flame (9) (quivered)
 u - a wand of paralysis (19)
 w - a wand of polymorph (4)
Scrolls
 m - a scroll of enchant weapon {unknown}
 n - 3 scrolls of enchant armour
 o - a scroll of vulnerability
 p - 2 scrolls of teleportation
 q - a scroll of revelation
Potions
 b - 4 potions of lignification
 e - a potion of haste {unknown}
 f - 4 potions of curing
 g - 3 potions of attraction
 i - 2 potions of magic
 r - 3 potions of cancellation
 v - 2 potions of mutation {unknown}
 z - 2 potions of brilliance {unknown}
 B - a potion of enlightenment {unknown}


   Skills:
 + Level 8.6(13.6) Fighting
 + Level 6.5(11.5) Dodging
 - Level 1.3(6.3) Stealth
 + Level 8.4(13.4) Unarmed Combat
 + Level 10.9 Invocations
 - Level 7.1 Shapeshifting


You had 10 spell levels left.
You didn't know any spells.
Your spell library contained the following spells:

 Spells                   Type           Power      Damage    Failure   Level
 Lesser Beckoning         Tloc           0%         N/A       67%         2
 Gell's Gravitas          Tloc           0%         N/A       88%         3
 Teleport Other           Tloc           0%         N/A       88%         3
 Passage of Golubria      Tloc           0%         N/A       99%         4
 Yara's Violent Unravell  Hex/Alch       0%         3d3       100%        5
 Tukima's Dance           Hex            Unusable   N/A       N/A         3

Dungeon Overview and Level Annotations

Branches:
Dungeon (9/15)             Temple (0/1) D:4            Lair (1/5) D:9
    Orc (2/2) D:9         Ossuary (visited)
    Elf: Orc:2

Altars:
Cheibriados
Fedhas
Gozag
Kikubaaqudgha
Makhleb
Okawaru
Qazlal
Ru
Uskayaw
Wu Jian
Xom

Shops:
D:5 =   D:7 !*   D:9 *

Annotations:
D:8 2 exclusions


Innate Abilities, Weirdness & Mutations

You are a hulking beast.
Your limbs bulge with bestial killing power. (Slay +4)
You have a moderately thin skeletal structure. (Dex +4, Stealth++)
A meltable shield of frost defends you. (SH +4)
Spells you cast may paralyse nearby enemies.
You have a tail ending in a sharp stinger.


Message History

The blink frog blinks!
The blink frog completely misses you.
The blink frog hits the plant!!
The blink frog blinks!
You hit the blink frog.
The blink frog is lightly wounded.
A nearby plant withers and dies.
You block the blink frog's attack. The blink frog hits you.
The blink frog hits you but does no damage.
You barely miss the blink frog.
The blink frog is lightly wounded.
The blink frog hits you! x2; The blink frog hits you.
The blink frog blinks!
The blink frog misses you.
The blink frog blinks!
The blink frog misses you.
The blink frog attacks as it pursues you!
The blink frog closely misses you.
The blink frog blinks!
The blink frog closely misses you.
You miss the blink frog.
The blink frog is severely wounded.
The blink frog blinks!
The blink frog barely misses you.
The blink frog blinks!
You block the blink frog's attack.
You pummel the blink frog!! You tail-slap the blink frog.
The blink frog is severely wounded.
The blink frog blinks!
You closely miss the blink frog.
The blink frog is severely wounded.
The blink frog closely misses you. The blink frog hits you!
* * * LOW HITPOINT WARNING * * *
You feel better. The blink frog barely misses you.
The blink frog closely misses you. The blink frog completely misses you.
The blink frog blinks!
You closely miss the blink frog.
The blink frog is severely wounded.
The blink frog hits you.
* * * LOW HITPOINT WARNING * * *
The blink frog barely misses you. x2; The blink frog hits you!
* * * LOW HITPOINT WARNING * * *
The air fills with toxic fumes!
As you read the scroll labelled TOR IGHEGIF, it crumbles to dust.
It was a scroll of poison.
The blink frog misses you. The blink frog closely misses you.
The blink frog hits you!
You die...

.....#
#......PPP....#
#.P..###
#..#..§§§§§§#.
#.....#
#....§§§§§...
#..†.##
#F..§§§§..
#..†<.##
#..§§§.
##.....###
#.§§##
###.§...# #§§P#
##§§§§####F§##
##§§§§§FhF§§#
##§§§§§§F§§§§§§
##§§§§P§§§§#§§.
###P###P### ##
### ##


You could see 4 blink frogs.

Vanquished Creatures
  A two-headed ogre (D:9)
  An orc sorcerer (Orc:2)
  2 kobold blastminers (Orc:1)
  Joseph (D:8)
  An orange demon (D:9)
  A rime drake (D:9)
  Psyche (D:8)
  2 polar bears (D:9)
  3 trolls
  A slime creature (D:7)
  A wyvern (D:8)
  5 yaks (D:8)
  2 steam dragons
  Menkaure (D:5)
  An acid dragon (D:9)
  Duvessa (D:7)
  5 ice beasts
  4 orc warriors
  A black bear (D:6)
  An ogre (D:5)
  6 wolves
  3 centaurs
  A phantom (D:6)
  The ghost of hawla the Conjurer, an amateur DEFE of Vehumet (D:6)
  A kobold brigand (D:9)
  3 bullfrogs
  2 necrophages (D:6)
  3 scorpions
  A water moccasin zombie (D:6)
  A wyvern zombie (D:6)
  6 wights
  Dowan (D:7)
  2 jellies
  10 killer bees
  3 howler monkeys
  A bombardier beetle (D:3)
  8 hounds
  4 spectral scorpions (Ossuary)
  3 gnoll boudas
  6 orc priests
  3 centaur skeletons (Ossuary)
  2 sleepcaps
  5 iguanas
  7 orc wizards
  A crocodile zombie (Ossuary)
  6 mummies (Ossuary)
  Robin (D:4)
  12 gnolls
  12 adders
  2 white imps (D:5)
  3 ribbon worms
  3 dart slugs
  23 orcs
  5 endoplasms
  5 giant cockroaches
  9 hobgoblins
  10 jackals
  14 kobolds
  2 quokkas
  5 ball pythons
  4 bats
  4 frilled lizards
  3 gnoll skeletons (Ossuary)
  12 goblins
  A kobold skeleton (Ossuary)
  An orc skeleton (Ossuary)
  A quokka zombie (D:4)
  6 rats
  A rat zombie (D:4)
  10 spectral rats (Ossuary)
275 creatures vanquished.

Vanquished Creatures (others)
  An orc wizard (D:8)
1 creature vanquished.

Grand Total: 276 creatures vanquished

Notes
Turn   | Place    | Note
-------+----------+-------------------------------------------
     0 | D:1      | bobo the Demonspawn Shapeshifter began the quest for the
                  | Orb.
     0 | D:1      | Reached XP level 1. HP: 15/15 MP: 1/1
   225 | D:1      | Gained mutation: You have a somewhat thin skeletal
                  | structure. (Dex +2, Stealth+) [demonic ancestry]
   225 | D:1      | Reached XP level 2. HP: 15/21 MP: 2/2
   445 | D:1      | Reached skill level 1 in Stealth
   615 | D:1      | Reached XP level 3. HP: 15/26 MP: 3/3
  1021 | D:2      | Found a faded altar of an unknown god.
  1026 | D:2      | Prayed at the altar of an unknown god.
  1026 | D:2      | Became a worshipper of Warmaster Okawaru
  1026 | D:2      | Reached * piety under Okawaru
  1424 | D:2      | Reached skill level 1 in Invocations
  1424 | D:2      | Gained mutation: A meltable shield of frost defends you.
                  | (SH +4) [demonic ancestry]
  1424 | D:2      | Reached XP level 4. HP: 33/33 MP: 3/5
  1965 | D:3      | Reached skill level 2 in Invocations
  1965 | D:3      | Gained mutation: You have a small tail. [demonic ancestry]
  1965 | D:3      | Reached XP level 5. HP: 18/39 MP: 6/6
  2111 | D:3      | Found an ancient bone altar of Kikubaaqudgha.
  2862 | D:4      | Noticed Robin
  2885 | D:4      | Killed Robin
  2899 | D:4      | Reached skill level 3 in Invocations
  2910 | D:4      | Gained mutation: You have a tail ending in a sharp stinger.
                  | [demonic ancestry]
  2910 | D:4      | Reached XP level 6. HP: 29/47 MP: 6/8
  3161 | D:4      | Reached ** piety under Okawaru
  3170 | D:4      | Found a sand-covered staircase.
  3177 | Ossuary  | Entered an ossuary
  3352 | Ossuary  | Reached skill level 4 in Invocations
  3356 | Ossuary  | Reached XP level 7. HP: 52/52 MP: 8/10
  3445 | Ossuary  | Found a basalt altar of Yredelemnul.
  3874 | D:4      | Reached skill level 5 in Invocations
  4243 | D:5      | Entered Level 5 of the Dungeon
  4296 | D:5      | Found Yfiorohe's Jewellery Shop.
  4528 | D:5      | Reached skill level 5 in Unarmed Combat
  4644 | D:5      | Found a burning altar of Makhleb.
  4652 | D:5      | Reached *** piety under Okawaru
  4653 | D:5      | Gained mutation: Spells you cast may paralyse adjacent
                  | enemies. [demonic ancestry]
  4653 | D:5      | Reached XP level 8. HP: 60/61 MP: 12/12
  4963 | D:5      | Noticed Menkaure
  4968 | D:5      | Killed Menkaure
  5354 | D:5      | Found a hide-covered altar of Uskayaw.
  5545 | D:5      | Reached skill level 6 in Invocations
  5562 | D:5      | Reached skill level 5 in Fighting
  5562 | D:5      | Reached skill level 5 in Shapeshifting
  6151 | D:4      | Found a staircase to the Ecumenical Temple.
  6254 | D:6      | Found a runed translucent gate.
  6255 | D:6      | Found a runed translucent gate.
  6256 | D:6      | Found a runed translucent gate.
  6256 | D:6      | Noticed hawla's ghost (amateur DEFE)
  6403 | D:6      | Found a blossoming altar of Fedhas.
  6827 | D:6      | Gained mutation: You have a moderately thin skeletal
                  | structure. (Dex +4, Stealth++) [demonic ancestry]
  6827 | D:6      | Reached XP level 9. HP: 65/67 MP: 13/13
  7506 | D:7      | Reached **** piety under Okawaru
  7698 | D:7      | Reached skill level 7 in Invocations
  7841 | D:7      | You fall into a shaft and drop 2 floors!
  7894 | D:8      | Noticed Psyche
  7927 | D:7      | Found Tiveu's Distillery.
  8047 | D:7      | Found Zydyigg's Assorted Antiques.
  8156 | D:7      | Noticed Dowan
  8167 | D:7      | Killed Dowan
  8168 | D:7      | Noticed Duvessa
  8173 | D:7      | Killed Duvessa
  8492 | D:7      | Reached skill level 8 in Invocations
  8571 | D:7      | Noticed a boulder beetle
  8572 | D:7      | Noticed a manticore
  8574 | D:7      | Noticed a cyan ugly thing
  8594 | D:7      | HP: 3/68 [cyan ugly thing (15)]
  8813 | D:6      | Killed hawla's ghost
  8864 | D:8      | Found a sacrificial altar of Ru.
  8906 | D:8      | Killed Psyche
  8907 | D:8      | Reached XP level 10. HP: 69/77 MP: 12/16
  9031 | D:8      | Reached skill level 9 in Invocations
  9261 | D:8      | Found an opulent altar of Gozag.
  9338 | D:8      | Noticed Joseph
  9340 | D:8      | Found a stormy altar of Qazlal.
  9350 | D:8      | Killed Joseph
  9351 | D:8      | Reached skill level 5 in Dodging
  9582 | D:8      | Found an ornate altar of the Wu Jian Council.
  9666 | D:8      | Found a shimmering altar of Xom.
 10270 | D:9      | Found Rusaq's Assorted Antiques.
 10422 | D:9      | Reached skill level 10 in Invocations
 10435 | D:9      | Bought a scroll labelled KOLUIPU VILI for 17 gold pieces
 10435 | D:9      | Bought a scroll labelled YCEZXO XAMOLANK for 17 gold pieces
 10435 | D:9      | Bought a scroll of identify for 34 gold pieces
 10453 | D:9      | Found a staircase to the Lair.
 10562 | D:9      | Noticed a two-headed ogre
 10576 | D:9      | Killed a two-headed ogre
 10577 | D:9      | Gained mutation: Spells you cast may paralyse nearby
                  | enemies. [demonic ancestry]
 10577 | D:9      | Reached XP level 11. HP: 64/86 MP: 10/18
 10752 | D:9      | Found a snail-covered altar of Cheibriados.
 10915 | D:9      | Found a staircase to the Orcish Mines.
 11326 | Orc:1    | Entered Level 1 of the Orcish Mines
 11642 | Orc:2    | Entered Level 2 of the Orcish Mines
 11642 | Orc:2    | Noticed an orc sorcerer
 11651 | Orc:2    | Killed an orc sorcerer
 11651 | Orc:2    | Reached ***** piety under Okawaru
 11825 | Orc:2    | Noticed an orc warlord
 11934 | Lair:1   | Entered Level 1 of the Lair of Beasts
 12082 | Lair:1   | Slain by a blink frog

Illustrated notes

Levels and vault maps discovered:
D:1:      amcnicky_arrival_choice, layout_basic
D:2:      layout_basic, shapermc_ecumenical_altar_mp_urbaneastern,
          hangedman_decor_growths
D:3:      layout_basic, nicolae_overflow_hidden_temple, grunt_ministairs_9,
          minmay_misc_feat_columns
D:4:      nicolae_cairo_tiling_large_dashed, layout_loops_corners,
          minmay_temple_entry_poolview, enter_ossuary_4, minivault_1, uniq_robin
D:5:      layout_gridville, makhleb_heckhound_becter,
          mainiacjoe_overflow_catwalk_spiral, minmay_shop_enchanted_jewellery,
          serial_park_tiny_2, uniq_menkaure
D:6:      layout_cave_pools, fedhas_altar_decomposition,
          ebering_ghost_rock_garden, nicolae_half_adder
D:7:      layout_basic, led_sif_pool, serial_shops, nicolae_square_shop,
          nicolae_diamond_shop, st_stairs_2, minmay_the_grid_2x2
          [minmay_the_grid_paths, minmay_the_grid_mess,
          minmay_the_grid_minigrid_large,
          minmay_the_grid_prize_shrinking_boxes], uniq_duvessa
D:8:      nicolae_moon_pools, layout_rooms, lemuel_crystal_altar,
          mainiacjoe_overflow_concentric_impassable, nicolae_ru_awakened_eye,
          grunt_qazlal_clouds, regret_index_xom_buried_treasure, uniq_psyche,
          uniq_joseph
D:9:      layout_cave_pods, cheibriados_altar_2, hellmonk_lair_entry_icy,
          minmay_orc_entry_temple_small, serial_shops, shop,
          nicolae_neqoxec_dot_bat
Lair:1:   layout_concentric_octagons, dreamdust_mushroom_princess,
          lemuel_fruit_tree
Orc:1:    layout_diamond_mine
Orc:2:    pf_orc_diabolical, layout_diamond_mine, nicolae_orc_minecarts,
          uniq_snorg

Skill      XL: |  1  2  3  4  5  6  7  8  9 10 11 |
---------------+----------------------------------+-----
Stealth        | 1 |  1.3
Unarmed Combat | 3 4 5 6 7 8 |  8.4
Shapeshifting  | 3 4 6 7 |  7.1
Fighting       | 2 3 4 5 6 8 |  8.6
Invocations    | 1 2 3 4 5 6 8 10 | 10.9
Dodging        | 4 5 6 |  6.5

Action                     |  1- 3 |  4- 6 |  7- 9 | 10-12 || total
---------------------------+-------+-------+-------+-------++-------
  Melee: Unarmed           |   171 |   193 |   432 |   199 ||   995
         Punch             |     2 |     5 |    24 |    15 ||    46
         Tailslap          |       |    27 |    91 |    37 ||   155
  Throw: Throwing net      |       |       |     2 |       ||     2
 Invoke: Heroism           |       |     1 |     7 |    12 ||    20
         Finesse           |       |       |     1 |     2 ||     3
  Evoke: Wand              |       |       |     2 |     5 ||     7
    Use: Potion            |     1 |       |     8 |     3 ||    12
         Scroll            |       |     2 |     9 |     7 ||    18
   Stab: Sleeping          |     4 |     7 |    20 |     2 ||    33
 Armour: Animal skin       |    78 |    70 |    73 |       ||   221
         Skin              |    11 |     7 |     1 |       ||    19
         Ring mail         |       |       |   122 |   143 ||   265
  Dodge: Dodged            |    86 |    85 |   167 |   149 ||   487
  Block: Other             |       |    23 |    55 |    43 ||   121
         Form:             |       |       |     1 |       ||     1
         Beast             |       |       |     1 |       ||     1
         Flux              |       |       |     1 |       ||     1
